 Dungeon Crawl Stone Soup version 0.32-a0-576-g706899e69d (webtiles) character file.

Game seed: 10138691127404695526

100599 jasper the Warrior (level 15, -10/195 HPs)
             Began as a Red Draconian Shapeshifter on Mar 1, 2024.
             Was an Initiate of Gozag.
             Mangled by a salamander
             ... wielding a +0 spear
              (12 damage)
             ... on level 1 of the Snake Pit.
             The game lasted 00:34:50 (24985 turns).

jasper the Warrior (Red Draconian Shapeshifter)    Turns: 24985, Time: 00:34:51

Health: -10/195    AC: 30    Str: 23    XL:     15   Next: 81%
Magic:  24/24      EV:  5    Int: 22    God:    Gozag
Gold:   4161       SH:  0    Dex: 10    Spells: 14/14 levels left

rFire   + +          .
                       - Unarmed
rCold   + . .        (no shield)
rNeg    + . .        (body armour unavailable)
rPois   ∞            T - +2 hat {Int+3}
rElec   +            M - +0 cloak
rCorr   .            R - melded +5 pair of gloves "Uroydoul" {Fly Str+2 Int-5}
SInv    .            q - melded +2 pair of boots
Will    +....        X - amulet "Wuiheyng" {Regen+ MP+9 Int+4}
Stlth   +            h - ring of Imiocw {Fly rPois rF+ rC+ Int+3}
HPRegen 1.32/turn    N - +4 ring of slaying
MPRegen 0.19/turn

%: no passive effects
@: statue-form, flying, constricted, bribing [the Snake Pit], very slow
A: slow and powerful, torment resistance 1, boosted hp, (combustion breath), AC
+9, unfitting armour, fire resistance 1, cold-blooded
a: Begin Untransformation, Renounce Religion, Potion Petition, Call Merchant,
Bribe Branch


You were on level 1 of the Snake Pit.
You worshipped Gozag.
Gozag was most pleased with you.
You were a living statue of rough stone.
You visited 4 branches of the dungeon, and saw 23 of its levels.

You collected 8585 gold pieces.
You spent 441 gold pieces at shops.
You paid 3983 gold pieces to Gozag.

Inventory:

Missiles
 k - 15 boomerangs (quivered)
 A - 2 throwing nets
 B - 2 curare-tipped darts
Armour
 e - a +2 pair of boots
 q - a +2 pair of boots (melded)
 M - a +0 cloak (worn)
 R - the +5 pair of gloves "Uroydoul" (melded) {Fly Str+2 Int-5}
   (You found it on level 2 of the Lair of Beasts)

   Str+2:     It affects your strength (+2).
   Int-5:     It affects your intelligence (-5).
   Fly:       It grants you flight.
 T - a +2 hat of intelligence (worn)
Jewellery
 a - a ring of protection from fire
 d - a ring of protection from cold
 g - a ring of positive energy
 h - the ring of Imiocw (left fist) {Fly rPois rF+ rC+ Int+3}
   (You found it on level 15 of the Dungeon)

   [ring of flight]

   Int+3:     It affects your intelligence (+3).
   rF+:       It protects you from fire.
   rC+:       It protects you from cold.
   rPois:     It protects you from poison.
   Fly:       It grants you flight.
 i - an amulet of reflection
 m - a ring of ice
 p - a ring of protection from cold
 r - a ring of protection from cold
 t - a ring of willpower
 z - a ring of resist corrosion
 N - a +4 ring of slaying (right fist)
 X - the amulet "Wuiheyng" (around neck) {Regen+ MP+9 Int+4}
   (You found it on level 2 of the Lair of Beasts)

   [amulet of regeneration]

   Int+4:     It affects your intelligence (+4).
   MP+9:      It affects your magic capacity (+9).
   Regen+:    It increases your rate of health regeneration.
Talismans
 v - a granite talisman (active)
 D - a serpent talisman
 K - a blade talisman
Wands
 o - a wand of polymorph (6)
 G - a wand of paralysis (12)
 H - a wand of flame (12)
 S - a wand of digging (4)
Scrolls
 f - 4 scrolls of teleportation
 l - 2 scrolls of poison
 n - a scroll of revelation
 y - 2 scrolls of amnesia
 L - 2 scrolls of fog
 P - 3 scrolls of summoning
 V - 3 scrolls of blinking
 Y - 8 scrolls of identify
Potions
 b - 4 potions of curing
 c - 2 potions of cancellation
 j - 6 potions of brilliance
 s - 4 potions of degeneration
 u - a potion of magic {unknown}
 w - 3 potions of attraction
 x - 2 potions of lignification
 C - 4 potions of might
 E - a potion of mutation
 F - 4 potions of haste
 J - 2 potions of resistance
 O - 3 potions of enlightenment
 Z - 13 potions of ambrosia


   Skills:
 + Level 18.5 Fighting
 - Level 9.3 Dodging
 + Level 10.7 Unarmed Combat
 - Level 5.0 Evocations
 * Level 16.6 Shapeshifting


You had 14 spell levels left.
You didn't know any spells.
Your spell library contained the following spells:

 Spells                   Type           Power      Damage    Failure   Level
 Magic Dart               Conj           0%         1d3       17%         1
 Sting                    Conj/Alch      0%         1d3       17%         1
 Summon Small Mammal      Summ           0%         N/A       17%         1
 Blink                    Tloc           0%         N/A       26%         2
 Call Imp                 Summ           0%         N/A       26%         2
 Ensorcelled Hibernation  Hex/Ice        0%         N/A       26%         2
 Lesser Beckoning         Tloc           0%         N/A       26%         2
 Mercury Vapours          Alch/Air       0%         N/A       26%         2
 Call Canine Familiar     Summ           0%         N/A       45%         3
 Fugue of the Fallen      Necr           0%         N/A       45%         3
 Gell's Gravitas          Tloc           0%         N/A       45%         3
 Mephitic Cloud           Conj/Alch/Air  0%         N/A       45%         3
 Summon Ice Beast         Ice/Summ       0%         N/A       45%         3
 Teleport Other           Tloc           0%         N/A       45%         3
 Anguish                  Hex/Necr       0%         N/A       86%         4
 Brom's Barrelling Bould  Conj/Erth      0%         2d3       86%         4
 Olgreb's Toxic Radiance  Alch           0%         N/A       86%         4
 Petrify                  Alch/Erth      0%         N/A       86%         4
 Summon Blazeheart Golem  Fire/Summ      0%         N/A       86%         4
 Fireball                 Conj/Fire      0%         3d3       99%         5
 Freezing Cloud           Conj/Ice/Air   0%         6-21      99%         5
 Irradiate                Conj/Alch      0%         3d11      99%         5
 Iskenderun's Battlesphe  Conj           0%         2d6       99%         5
 Summon Mana Viper        Hex/Summ       0%         N/A       99%         5
 Conjure Ball Lightning   Conj/Air       0%         3x3d6     100%        6
 Monstrous Menagerie      Summ           0%         N/A       100%        7
 Orb of Destruction       Conj           0%         9d5       100%        7
 Sublimation of Blood     Necr           Unusable   N/A       N/A         2

Dungeon Overview and Level Annotations

Branches:
Dungeon (15/15)            Temple (0/1) D:5            Lair (5/5) D:10
  Swamp (0/4) Lair:3        Snake (1/4) Lair:2        Slime (0/5) Lair:4
    Orc (2/2) D:12            Elf (0/3) Orc:2        Vaults (0/5) D:14
 Depths (0/4) D:15

Altars:
Dithmenos
Elyvilon
Fedhas
Gozag
Okawaru
Ru
Sif Muna
Vehumet
Wu Jian
Xom
Beogh
Jiyva
Lugonu

Shops:
D:10 [   Orc:2 *![[

Portals:
Abyss: Lair:5

Annotations:
D:8 1 runed translucent door, IdlyInterested's ghost, novice DsFi
Lair:3 3 runed translucent doors, Labuc's ghost, journeyman GrEE; Tacw's ghost, journeyman MeSh


Innate Abilities, Weirdness & Mutations

You are a living statue of rough stone.
Your actions are slow, but your melee attacks are powerful.
You are resistant to unholy torment.
Your maximum health is greatly increased.
Your equipment is partially melded.
((You can breathe blasts of explosive embers.))
((Your fiery red scales are hard. (AC +9)))
You cannot fit into any form of body armour.
You are immune to poison.
Your flesh is heat resistant. (rF+)
You are cold-blooded and may be slowed by cold attacks.


Message History

* * * LOW HITPOINT WARNING * * *
You are engulfed in flames.
You resist.
* * * LOW HITPOINT WARNING * * *
The naga warrior barely misses you. The naga warrior constricts you.
* * * LOW HITPOINT WARNING * * *
The salamander hits you but does no damage.
You take 6 damage, and have 16/195 hp.
Unknown command.
You feel better.
The salamander hits you from afar with a +0 trident!
* * * LOW HITPOINT WARNING * * *
You are engulfed in flames.
You resist.
* * * LOW HITPOINT WARNING * * *
The naga warrior roars a battlecry!
The naga warrior constricts you.
The salamander hits you but does no damage. x2
The naga warrior hits you but does no damage.
The naga warrior constricts you.
You feel better.
The salamander no longer looks unusually strong.
The salamander hits you but does no damage.
The salamander hits you from afar with a +0 trident.
* * * LOW HITPOINT WARNING * * *
You are engulfed in flames.
You resist.
* * * LOW HITPOINT WARNING * * *
The naga warrior spits poison at you.
The splash of poison hits you but does no damage.
You resist. The naga warrior constricts you.
The salamander hits you but does no damage.
You feel better.
The salamander hits you from afar with a +0 trident.
* * * LOW HITPOINT WARNING * * *
You are engulfed in flames.
You resist.
* * * LOW HITPOINT WARNING * * *
The naga warrior hits you with a +0 glaive!
* * * LOW HITPOINT WARNING * * *
The naga warrior constricts you.
The salamander hits you from afar with a +0 spear!
You die...
Your body crumbles into a pile of gold.

####..>.............
# #................
....#................
............#.......
.....#####.#####.#
.....#####N#####.#..
.....S.....NSN......
....######N#N###.#.
#.. #.#I# #.#$# #.#$#
#.#.# #.#.# #.#.# ...
#.# ...


You could see a naga warrior (catching breath), 2 salamanders, a black mamba and
a naga (strong).

Vanquished Creatures
  Jorgrun (D:13)
  Gastronok (Lair:1)
  Kirke (D:15)
  The ghost of Refias Xutt the Devastator, a journeyman DrAl of Vehumet (Orc:1)
  An emperor scorpion (D:15)
  A dire elephant (D:15)
  A yaktaur captain (D:14)
  Josephine (D:13)
  4 ogre magi (Orc:2)
  4 hydras
  3 centaur warriors
  4 boulder beetles
  16 two-headed ogres
  12 death yaks
  4 thrashing horrors (Lair:5)
  2 naga sharpshooters (Snake:1)
  A naga warrior (Snake:1)
  A salamander mystic (D:15)
  A skyshark (Lair:5)
  A mana viper (Snake:1)
  2 bog bodies (Lair:3)
  2 harpies (shapeshifter)
  A deep elf pyromancer (D:14)
  An orc knight (D:15)
  8 ugly things
  3 salamanders
  An orc sorcerer (Orc:1)
  2 cyclopes
  3 manticores
  24 elephants
  10 black mambas
  A smoke demon (Lair:5)
  A naga mage (Snake:1)
  A torpor snail (Lair:5)
  2 large abominations (Lair:5)
  Maggie (D:7)
  A rime drake (Lair:3)
  3 gargoyles
  3 yaktaurs (D:14)
  2 unseen horrors
  A freezing wraith (D:14)
  8 cane toads
  An efreet (D:14)
  14 komodo dragons
  A queen bee (Lair:2)
  A wind drake (D:10)
  Grinder (D:5)
  12 trolls
  A raiju (Lair:5)
  A hornet (D:9)
  20 blink frogs
  12 dream sheep
  A centaur simulacrum (D:14)
  13 yaks
  4 slime creatures
  2 spriggans (Lair:5)
  A ynoxinul (Lair:5)
  6 wraiths
  A spriggan (shapeshifter) (Lair:5)
  A vampire (D:11)
  4 wyverns
  2 shadows
  Eustachio (D:5)
  2 steam dragons
  A warg (Orc:2)
  5 vampire mosquitoes
  Grum (D:8)
  A redback simulacrum (D:14)
  10 basilisks
  Menkaure (D:7)
  3 chaos spawn (Lair:5)
  4 nagas
  18 water moccasins
  An acid dragon (D:11)
  Duvessa (D:5)
  An ice beast (D:7)
  13 orc warriors
  A sky beast (D:6)
  A swamp drake (D:6)
  3 black bears
  22 ogres
  5 boggarts (D:14)
  7 wolves
  15 centaurs
  A kobold brigand (D:11)
  Blork the orc (D:5)
  12 bullfrogs
  9 small abominations (Lair:5)
  4 scorpions
  3 wights (D:10)
  Dowan (D:5)
  28 killer bees
  4 electric eels
  5 howler monkeys
  A bombardier beetle (D:5)
  5 jellies
  13 orc priests
  4 gnoll boudas
  5 hounds (D:10)
  Ijyb (D:4)
  3 iguanas
  22 orc wizards
  18 gnolls
  5 adders
  2 shadow imps
  3 white imps
  3 ribbon worms (D:2)
  64 orcs
  5 ball pythons
  6 bats
  An endoplasm (D:3)
  2 giant cockroaches
  6 goblins
  8 hobgoblins
  13 kobolds
  2 quokkas
  7 frilled lizards
  5 rats
630 creatures vanquished.

Vanquished Creatures (others)
  A black mamba (Snake:1)
  A human (D:15)
2 creatures vanquished.

Grand Total: 632 creatures vanquished

Notes
Turn   | Place    | Note
-------+----------+-------------------------------------------
     0 | D:1      | jasper the Draconian Shapeshifter began the quest for the
                  | Orb.
     0 | D:1      | Reached XP level 1. HP: 16/16 MP: 1/1
   159 | D:1      | Reached skill level 2 in Fighting
   228 | D:1      | Reached XP level 2. HP: 24/25 MP: 2/2
   954 | D:2      | Reached skill level 3 in Fighting
  1234 | D:2      | Reached XP level 3. HP: 31/31 MP: 3/3
  1290 | D:2      | Found an opulent altar of Gozag.
  1373 | D:2      | Became a worshipper of Gozag Ym Sagoz the Greedy
  1693 | D:2      | Reached skill level 4 in Fighting
  1697 | D:2      | Reached XP level 4. HP: 40/41 MP: 4/4
  2155 | D:3      | Found a faded altar of an unknown god.
  2181 | D:3      | Reached skill level 5 in Fighting
  2243 | D:3      | Reached XP level 5. HP: 42/48 MP: 5/5
  2305 | D:3      | Found an ornate altar of the Wu Jian Council.
  2382 | D:3      | Found a radiant altar of Vehumet.
  2974 | D:3      | Found a roughly hewn altar of Beogh.
  2993 | D:3      | Reached skill level 6 in Fighting
  3205 | D:4      | Reached XP level 6. HP: 23/58 MP: 6/6
  3765 | D:4      | Noticed Ijyb
  3780 | D:4      | Killed Ijyb
  3781 | D:4      | Reached skill level 7 in Fighting
  3983 | D:4      | Found a blossoming altar of Fedhas.
  4183 | D:5      | Entered Level 5 of the Dungeon
  4245 | D:5      | Noticed Blork the orc
  4268 | D:5      | Killed Blork the orc
  4600 | D:5      | Reached skill level 5 in Unarmed Combat
  4600 | D:5      | Your scales start taking on a fiery red colour.
  4600 | D:5      | Reached XP level 7. HP: 66/66 MP: 7/7
  4600 | D:5      | Gained mutation: Your flesh is heat resistant. (rF+) [Red
                  | Draconian growth]
  4609 | D:5      | Noticed Duvessa
  4609 | D:5      | Noticed Dowan
  4619 | D:5      | Killed Duvessa
  4620 | D:5      | Killed Dowan
  4693 | D:5      | Noticed Grinder
  4702 | D:5      | Killed Grinder
  4767 | D:5      | Found a staircase to the Ecumenical Temple.
  4850 | D:5      | Reached XP level 8. HP: 73/73 MP: 8/8
  5064 | D:5      | Noticed Eustachio
  5084 | D:5      | Killed Eustachio
  5281 | D:5      | Found an iron altar of Okawaru.
  5281 | D:5      | Found a shadowy altar of Dithmenos.
  5449 | D:6      | Noticed a hornet
  5453 | D:6      | a hornet changed into a swamp drake
  5772 | D:6      | Reached skill level 10 in Unarmed Combat
  5873 | D:6      | Reached XP level 9. HP: 69/79 MP: 9/9
  6430 | D:7      | Reached skill level 5 in Shapeshifting
  6509 | D:7      | Identified the +1 sling "Wuckukh" {drain, rC+ Will- Dex+5}
  6551 | D:7      | Noticed Menkaure
  6577 | D:7      | Killed Menkaure
  6896 | D:7      | Noticed Maggie
  6909 | D:7      | Killed Maggie
  7033 | D:7      | Reached skill level 1 in Evocations
  7363 | D:8      | Paralysed by an orc for 2 turns
  7497 | D:8      | Noticed IdlyInterested's ghost (novice DsFi)
  7500 | D:8      | Found a runed translucent door.
  7646 | D:8      | Noticed Grum
  7656 | D:8      | Killed Grum
  7657 | D:8      | Reached skill level 5 in Evocations
  7657 | D:8      | Reached XP level 10. HP: 39/86 MP: 10/10
  8802 | D:9      | Reached skill level 8 in Fighting
  8813 | D:9      | Paralysed by a hornet for 1 turns
  8817 | D:9      | Paralysed by a hornet for 2 turns
  9385 | D:9      | Found a shimmering blue altar of Sif Muna.
  9539 | D:10     | Entered Level 10 of the Dungeon
  9624 | D:10     | Noticed a two-headed ogre
  9633 | D:10     | Reached skill level 9 in Fighting
  9636 | D:10     | Killed a two-headed ogre
  9823 | D:10     | Found a shimmering altar of Xom.
  9842 | D:10     | Reached skill level 10 in Fighting
  9849 | D:10     | Noticed Urug
  9868 | D:10     | Urug changed into Urug the wind drake
  9868 | D:10     | Noticed Urug
  9877 | D:10     | Killed Urug the wind drake
  9982 | D:10     | Reached skill level 11 in Fighting
 10296 | D:10     | You fall into a shaft and drop 1 floor!
 10840 | D:11     | Reached skill level 12 in Fighting
 10933 | D:11     | Reached XP level 11. HP: 101/104 MP: 11/11
 10940 | D:11     | Noticed a two-headed ogre
 10950 | D:11     | Killed a two-headed ogre
 11318 | D:11     | Reached skill level 13 in Fighting
 11417 | D:12     | Found a staircase to the Orcish Mines.
 11599 | D:10     | Found a sacrificial altar of Ru.
 11640 | D:10     | Found a staircase to the Lair.
 11655 | D:10     | Found Lieq's Armour Boutique.
 11862 | D:10     | Bought a +0 pair of gloves for 54 gold pieces
 12023 | Lair:1   | Entered Level 1 of the Lair of Beasts
 12112 | Lair:1   | Noticed Gastronok
 12197 | Lair:1   | Killed Gastronok
 12431 | Lair:1   | Reached skill level 14 in Fighting
 13419 | Lair:1   | Reached skill level 15 in Fighting
 13987 | Lair:2   | Identified the amulet "Wuiheyng" {Regen+ MP+9 Int+4}
 14305 | Lair:2   | Reached XP level 12. HP: 109/119 MP: 12/12
 14311 | Lair:2   | Identified the +5 pair of gloves "Uroydoul" {Fly Str+2
                  | Int-5}
 14532 | Lair:2   | Noticed a death yak
 14532 | Lair:2   | Noticed a death yak
 14549 | Lair:2   | Noticed a death yak
 14552 | Lair:2   | Killed a death yak
 14553 | Lair:2   | Noticed a death yak
 14553 | Lair:2   | Noticed a death yak
 14553 | Lair:2   | Noticed a death yak
 14560 | Lair:2   | Killed a death yak
 14567 | Lair:2   | Killed a death yak
 14574 | Lair:2   | Killed a death yak
 14581 | Lair:2   | Killed a death yak
 14582 | Lair:2   | Reached skill level 10 in Shapeshifting
 14588 | Lair:2   | Killed a death yak
 14845 | Lair:2   | Found a staircase to the Snake Pit.
 15279 | Lair:3   | Found a runed translucent gate.
 15279 | Lair:3   | Found a runed translucent gate.
 15279 | Lair:3   | Found a runed translucent gate.
 15280 | Lair:3   | Noticed Tacw's ghost (journeyman MeSh)
 15281 | Lair:3   | Noticed Labuc's ghost (journeyman GrEE)
 15488 | Lair:3   | Found a staircase to the Swamp.
 15888 | Lair:3   | Reached skill level 5 in Dodging
 15978 | Lair:4   | Found a staircase to the Slime Pits.
 17040 | Lair:4   | Reached XP level 13. HP: 126/126 MP: 13/13
 17254 | Lair:4   | Identified a scroll of acquirement
 17254 | Lair:4   | Acquired 653 gold pieces
 17257 | Lair:5   | Entered Level 5 of the Lair of Beasts
 17570 | Lair:5   | Identified the +7 dagger of Honour {pain, rPois Dex+3}
 17601 | Lair:5   | Found an opulent altar of Gozag.
 17866 | Lair:5   | Reached skill level 16 in Fighting
 18026 | Lair:5   | Reached skill level 17 in Fighting
 18232 | Lair:5   | Reached XP level 14. HP: 129/140 MP: 14/14
 18397 | Lair:5   | Reached skill level 18 in Fighting
 18696 | Lair:5   | Found a corrupted altar of Lugonu.
 18696 | Lair:5   | Found a one-way gate to the infinite horrors of the Abyss.
 18881 | Lair:5   | Found an opulent altar of Gozag.
 19535 | Orc:1    | Entered Level 1 of the Orcish Mines
 19597 | Orc:1    | Found a runed translucent door.
 19727 | Orc:1    | Noticed Refias Xutt's ghost (journeyman DrAl)
 19750 | Orc:1    | Killed Refias Xutt's ghost
 19756 | Orc:1    | Identified the +5 spear "Imeusau" {speed, Int+7 SInv
                  | Stlth+}
 19826 | Orc:2    | Entered Level 2 of the Orcish Mines
 19826 | Orc:2    | Found a staircase to the Elven Halls.
 20092 | Orc:2    | Found Gaazxa's General Store.
 20092 | Orc:2    | Found Une Ysaq's Distillery.
 20093 | Orc:2    | Found Ikkuow's Antique Armour Shop.
 20093 | Orc:2    | Found Umal's Armour Shoppe.
 20320 | Orc:2    | Bought a potion of heal wounds for 75 gold pieces
 20400 | Orc:2    | Bought a potion of curing for 36 gold pieces
 20400 | Orc:2    | Bought a potion of cancellation for 96 gold pieces
 20400 | Orc:2    | Bought a potion of might for 48 gold pieces
 20400 | Orc:2    | Bought a potion of curing for 36 gold pieces
 20400 | Orc:2    | Bought a potion of might for 48 gold pieces
 20400 | Orc:2    | Bought a potion of might for 48 gold pieces
 21047 | Orc:1    | Paralysed by an orc sorcerer for 3 turns
 21245 | D:12     | Found a roughly hewn altar of Beogh.
 21399 | D:12     | Reached XP level 15. HP: 143/146 MP: 15/15
 22279 | D:13     | Noticed Josephine
 22294 | D:13     | Killed Josephine
 22386 | D:13     | Reached skill level 15 in Shapeshifting
 22589 | D:13     | Noticed Jorgrun
 22605 | D:13     | Killed Jorgrun
 22890 | D:13     | Found a shimmering blue altar of Sif Muna.
 23129 | D:14     | Found a white marble altar of Elyvilon.
 23157 | D:14     | Found a gate to the Vaults.
 23346 | D:14     | Identified the +0 scale mail of Gymepehe {Rampage rC+
                  | Regen+}
 23436 | D:14     | Found a viscous altar of Jiyva.
 24090 | D:15     | Entered Level 15 of the Dungeon
 24148 | D:15     | Noticed an emperor scorpion
 24155 | D:15     | Killed an emperor scorpion
 24163 | D:15     | Noticed Kirke
 24178 | D:15     | Killed Kirke
 24402 | D:15     | Found a radiant altar of Vehumet.
 24486 | D:15     | Identified the ring of Imiocw {Fly rPois rF+ rC+ Int+3}
 24616 | D:15     | Found a staircase to the Depths.
 24843 | Snake:1  | Entered Level 1 of the Snake Pit
 24985 | Snake:1  | HP: 2/195 [naga warrior/+0 glaive (16)]
 24985 | Snake:1  | Mangled by a salamander

Illustrated notes

Levels and vault maps discovered:
D:1:      tekkud_arrival_beachfront_property, layout_basic
D:2:      layout_basic, basic_altar
D:3:      layout_loops_corners, mainiacjoe_overflow_paths, lemuel_crystal_altar,
          shapermc_ecumenical_altar_mp_urbaneastern, minmay_misc_feat_roman,
          st_stairs_14, dk_noncrumbling_4, kennysheep_orc_chapel
D:4:      layout_basic, mainiacjoe_overflow_alcove_2, uniq_ijyb
D:5:      layout_loops_corners, amethyst_overflow_temple_binary,
          minmay_temple_entry_arrows, uniq_duvessa, uniq_grinder,
          uniq_blork_the_orc, uniq_eustachio
D:6:      layout_loops_cross
D:7:      layout_basic, kennysheep_minor_cross, uniq_menkaure, uniq_maggie
D:8:      layout_loops_ring, hellmonk_ghost_happy_afterlife, uniq_grum
D:9:      layout_long_grid, lemuel_tele_altar
D:10:     layout_stronghold, lemuel_doored_altar, kennysheep_mini_moat,
          erik_lair_island, serial_shops, shop, uniq_urug
D:11:     layout_roguey, minmay_quadrilaterals
D:12:     layout_stronghold, minmay_orc_entry_temple_small
D:13:     layout_rooms, tgw_sif, uniq_jorgrun, uniq_josephine
D:14:     minmay_razor_zed, layout_long_grid, david_vaults_2, elyvilon_altar_3,
          jiyva_altar_1
D:15:     hangedman_depths_entry_try_elsewhere_first, layout_rooms,
          vehumet_crystals, uniq_kirke
Lair:1:   layout_hall_layers, uniq_gastronok
Lair:2:   layout_roguey [special_room_bee], alex1729_snake_entry_snake,
          serial_forest, infiniplex_forest_straight_4,
          infiniplex_forest_straight_4, infiniplex_forest_clump_long,
          infiniplex_forest_zigzag_1, infiniplex_forest_corner_2,
          infiniplex_forest_clump_diagonal, infiniplex_forest_clump_large
Lair:3:   layout_regular_city, skrybe_swamp_entry_bodies,
          gammafunk_ghost_cemetery, grunt_megastairs_3,
          infiniplex_staircase_pool_2
Lair:4:   layout_layer_cave, slime_entry_1, serial_forest,
          infiniplex_forest_zigzag_1, infiniplex_forest_corner_1,
          infiniplex_forest_lined_corner, infiniplex_forest_clump_tiny,
          infiniplex_forest_clump_small, infiniplex_forest_end_1,
          infiniplex_forest_straight_3, infiniplex_forest_straight_2,
          infiniplex_forest_end_3
Lair:5:   hellmonk_lair_end_abyssal_woods, layout_gridlike, basic_altar,
          lemuel_centaur_altar, serial_bayou_shore_a
Snake:1:  kennysheep_six_static_rooms, layout_gridlike,
          fake_guardian_serpent_vault
Orc:1:    layout_caves, ebering_ghost_reflecting_pool
Orc:2:    st_orc_ogre_mass, layout_diamond_mine, regret_index_minedec_devilstone

Skill      XL: |  1  2  3  4  5  6  7  8  9 10 11 12 13 14 15 |
---------------+----------------------------------------------+-----
Fighting       | 2 3 4 5 6 7 12 15 17 18 | 18.5
Unarmed Combat | 5 7 10 | 10.7
Shapeshifting  | 7 8 11 14 16 | 16.6
Evocations     | 5 |  5.0
Dodging        | 7 9 |  9.3

Action                     |  1- 3 |  4- 6 |  7- 9 | 10-12 | 13-15 || total
---------------------------+-------+-------+-------+-------+-------++-------
  Melee: Unarmed           |    39 |   146 |   239 |   580 |   834 ||  1838
         Tailslap          |     8 |    17 |    36 |   118 |   164 ||   343
         Punch             |       |     1 |    15 |     7 |    59 ||    82
   Fire: Sling             |    59 |    86 |     3 |       |       ||   148
  Throw: Boomerang         |     1 |    17 |     8 |       |     7 ||    33
 Invoke: Potion Petition   |       |     1 |       |       |     2 ||     3
         Bribe Branch      |       |       |       |       |     1 ||     1
Ability: Combustion Breath |       |       |     7 |    10 |    10 ||    27
  Evoke: Wand              |       |     4 |     2 |     8 |    10 ||    24
    Use: Scroll            |     3 |     7 |     3 |    14 |     3 ||    30
         Potion            |       |     4 |       |       |     8 ||    12
   Stab: Distracted        |       |       |     1 |     6 |     6 ||    13
         Sleeping          |       |       |     1 |       |       ||     1
         Paralysed         |       |       |       |       |     4 ||     4
 Armour: Skin              |    27 |   118 |   135 |   342 |   961 ||  1583
  Dodge: Dodged            |    15 |    97 |   127 |   362 |   710 ||  1311
  Block: Other             |     6 |    32 |    40 |    57 |       ||   135
         Reflection        |       |     2 |     4 |     3 |       ||     9
   Form: Flux              |       |       |     1 |       |       ||     1
         Blade             |       |       |       |     1 |       ||     1
         Statue            |       |       |       |       |     1 ||     1

Table legend: (Time is in decaauts)
 A = Elapsed time spent in this place.
 B = Non-inter-level travel time spent in this place.
 C = Inter-level travel time spent in this place.
 D = Time resting spent in this place.
 E = Time spent auto-exploring this place.
 F = Levels seen in this place.
 G = Mean time per level.
                   A        B        C        D        E       F      G
               +--------+--------+--------+--------+--------+-----+--------+
         Total |  25975 |  24792 |   1183 |   2504 |  17329 |  23 | 1129.3 |
       Dungeon |  16718 |  15994 |    724 |   1560 |  11723 |  15 | 1114.5 |
          Lair |   7379 |   7128 |    251 |    943 |   4371 |   5 | 1475.8 |
     Snake Pit |    193 |    192 |      1 |      0 |     61 |   1 |  193.0 |
  Orcish Mines |   1685 |   1479 |    206 |      0 |   1173 |   2 |  842.5 |
               +--------+--------+--------+--------+--------+-----+--------+

Top non-repeatable levels by time:
  Lair:5: 1910 daAuts
  Lair:1: 1760 daAuts
    D:14: 1581 daAuts
  Lair:4: 1443 daAuts
  Lair:2: 1360 daAuts
    D:10: 1356 daAuts
     D:3: 1293 daAuts
     D:9: 1208 daAuts
    D:11: 1191 daAuts
    D:13: 1152 daAuts
     D:5: 1119 daAuts
     D:4: 1030 daAuts
     D:8: 1025 daAuts
     D:7: 1018 daAuts
   Orc:2: 1015 daAuts
